 Dungeon Crawl Stone Soup version 0.21.1-1-g345015f (webtiles) character file.

37 n0claF the Caller (level 3, -6/19 HPs)
             Began as a Deep Elf Summoner on June 14, 2018.
             Shot with an arrow by a centaur (10 damage)
             ... on level 3 of the Dungeon.
             The game lasted 00:08:21 (1870 turns).

n0claF the Caller (Deep Elf Summoner)               Turns: 1870, Time: 00:08:22

Health: -6/19      AC:  2    Str:  5    XL:     3   Next: 21%
Magic:  0/10       EV: 13    Int: 20    God:
Gold:   137        SH:  0    Dex: 15    Spells: 3/9 levels left

rFire    . . .     SeeInvis .   l - -2 short sword (curse)
rCold    . . .     Gourm    .   (no shield)
rNeg     . . .     Faith    .   a - +0 robe
rPois    .         Spirit   .   (no helmet)
rElec    .         Reflect  .   (no cloak)
rCorr    .         Harm     .   (no gloves)
MR       .....                  (no boots)
Stlth    ++........             (no amulet)
HPRegen  0.06/turn              (no ring)
MPRegen  0.12/turn              (no ring)

@: no status effects
A: no striking features
a: no special abilities


You were on level 3 of the Dungeon.
You were not hungry.

You visited 1 branch of the dungeon, and saw 3 of its levels.

You collected 137 gold pieces.

Inventory:

Hand Weapons
 l - a cursed -2 short sword (weapon)
   (You took it off a kobold on level 2 of the Dungeon)
Armour
 a - a +0 robe (worn)
 m - a cursed +0 ring mail
   (You found it on level 2 of the Dungeon)
Scrolls
 c - a scroll of fear {unknown}
 g - 3 scrolls of random uselessness {unknown}
 i - 2 scrolls of identify {unknown}
 n - a scroll of remove curse {unknown}
 o - a scroll of enchant weapon {unknown}
Potions
 d - a potion of mutation {unknown}
 f - 2 potions of lignification {unknown}
 h - a potion of agility {unknown}
 j - a potion of heal wounds {unknown}
 k - a potion of curing {unknown}
Books
 b - a book of Callings
Comestibles
 e - 2 rations {!d}
 p - 4 chunks of flesh


   Skills:
 + Level 3.0 Dodging
 + Level 3.1 Stealth
 + Level 3.6 Spellcasting
 + Level 4.7 Summonings


You had 3 spell levels left.
You knew the following spells:

 Your Spells              Type           Power        Failure   Level  Hunger
a - Summon Small Mammal   Summ           ###.         1%          1    None
b - Call Imp              Summ           ###.....     2%          2    ##.....
c - Call Canine Familiar  Summ           ###.....     5%          3    ###....


Dungeon Overview and Level Annotations

Branches:
Dungeon (3/15)

Altars:


Message History

r - Retreat! s - Stop attacking. g - Guard the area. f - Follow me.
Anything else - Cancel.
Gang up on whom?
Aim: a centaur, wielding a shortbow (moderately wounded) Attack!
The centaur shoots an arrow.
The arrow barely misses your hound. The arrow hits you.
* * * LOW HITPOINT WARNING * * *
The centaur shoots an arrow.
The arrow completely misses your hound. The arrow closely misses you.
Your white imp gestures at the centaur.
The puff of frost hits the centaur.
The centaur unwields an uncursed shortbow.
The centaur closely misses your white imp.
Your hound bites the centaur.
Your white imp barely misses the centaur.
Your crimson imp blinks!
The centaur hits your white imp.
Your hound barely misses the centaur.
The centaur closely misses something.
Your hound completely misses the centaur.
Something hits your white imp.
Your white imp dies!
You start resting.
An arrow appears from out of your range of vision.
The arrow hits your hound!
Your hound dies!
Your hound's corpse disappears in a puff of smoke!
You start resting.
An arrow appears from out of your range of vision.
The arrow hits your crimson imp.
You don't have enough magic to cast that spell.
The centaur shoots an arrow.
The arrow hits your crimson imp!
The centaur shoots an arrow.
The arrow completely misses your crimson imp.
You don't have enough magic to cast that spell.
Something barely misses your crimson imp.
Something hits your crimson imp.
You don't have enough magic to cast that spell.
Your crimson imp hits the centaur.
You don't have enough magic to cast that spell.
Your crimson imp disappears in a puff of smoke!
The centaur wields an uncursed shortbow.
The centaur shoots an arrow.
The arrow barely misses you.
The centaur shoots an arrow.
The arrow closely misses you.
You see here 2 arrows.
You don't have enough magic to cast that spell.
A worm comes into view.
The centaur shoots an arrow.
The arrow hits you!
Ouch! That really hurt!
You die...

#.....# ##.c######
.#+###.#..###.(.#
......)...#.....###
....................
.##.####..#..........
.......(.#c..##.###.
##.####......# .#
###.......# .#
+@..h.......
#.#..####..[ #.#.....
.... #w#.####..##
....# ..... #.....
#....#


You could see a centaur, a worm and a friendly hound.

Vanquished Creatures
  An ooze (D:1)
  2 kobolds (D:1)
3 creatures vanquished.

Vanquished Creatures (collateral kills)
  3 worms
  2 dart slugs (D:2)
  A leopard gecko (D:1)
  8 hobgoblins
  2 kobolds (D:2)
  6 bats
  7 frilled lizards
  2 goblins (D:2)
  5 rats
36 creatures vanquished.

Grand Total: 39 creatures vanquished

Notes
Turn   | Place    | Note
-------+----------+-------------------------------------------
     0 | D:1      | n0claF the Deep Elf Summoner began the quest for the Orb.
     0 | D:1      | Reached XP level 1. HP: 10/10 MP: 6/6
   237 | D:1      | Reached XP level 2. HP: 7/15 MP: 2/8
   453 | D:1      | Learned a level 2 spell: Call Imp
  1162 | D:2      | Reached XP level 3. HP: 19/19 MP: 7/10
  1788 | D:3      | Learned a level 3 spell: Call Canine Familiar
  1834 | D:3      | Noticed a centaur
  1870 | D:3      | Shot with an arrow by a centaur

Skill      XL: |  1  2 |
---------------+-------+-----
Stealth        | 3 |  3.1
Dodging        | 3 |  3.0
Spellcasting   | |  3.6
Summonings     | |  4.7

Action                   || total
-------------------------++-------
Melee: Unarmed           ||    17
 Cast: Summon Small Mamm ||    30
       Call Imp          ||    29
       Call Canine Famil ||     4
  Eat: Chunk             ||     1
       Ration            ||     1
Armor: Robe              ||    14
Dodge: Dodged            ||    42
